 Dungeon Crawl Stone Soup version 0.30-a0-748-ge6a52f7cba (webtiles) character file.

Game seed: 15502505901685394255

362975 TrayleKats the Warrior (level 21, -10/172 HPs)
             Began as a Demonspawn Gladiator on Jan 4, 2023.
             Was the Champion of Ru.
             Killed from afar by a frost giant (47 damage)
             ... with a bolt of cold
             ... on level 3 of the Depths on Feb 8, 2023.
             The game lasted 02:03:51 (66236 turns).

TrayleKats the Warrior (Demonspawn Gladiator)      Turns: 66236, Time: 02:03:51

Health: -10/172    AC: 46    Str: 28    XL:     21   Next: 53%
Magic:  30/30      EV: 14    Int: 11    God:    Ru [******]
Gold:   2285       SH: 25    Dex: 14    Spells: 20/20 levels left

rFire   + . .      SeeInvis +    a - +5 demon trident (elec)
rCold   . . .      Faith    .    W - +1 tower shield of Weirdness {rPois rF+ Str+3}
rNeg    . . .      Spirit   .    s - +9 gold dragon scales
rPois   +          Reflect  +    c - +2 helmet
rElec   .          Harm     .    F - +2 cloak
rCorr   .          Rampage  .    u - +2 pair of gloves
Will    ++...                    v - +2 pair of boots Stlth
                                 Q - amulet of reflection
HPRegen 0.48/turn                h - ring "Tuyjyoc" {Will++ MP+9 SInv}
MPRegen 0.22/turn                H - +5 ring of evasion

@: unable to drink
A: hooves 2, slimy green scales 3, demonic guardian 2, foul stench 2, inability
to drink after injury 2, weak-willed 1, unskilled 1, temperature sensitive,
corrupting presence 1, noise suppression
}: 2/15 runes: decaying, serpentine
a: Renounce Religion, Draw Out Power, Power Leap, Apocalypse


You were on level 3 of the Depths.
You worshipped Ru.
Ru was exalted by your worship.
You visited 8 branches of the dungeon, and saw 39 of its levels.
You also visited: Gauntlet.

You collected 5114 gold pieces.
You spent 2829 gold pieces at shops.

Inventory:

Hand Weapons
 a - a +5 demon trident of electrocution (weapon)
 b - a +2 antimagic demon trident
Missiles
 d - 4 throwing nets
 e - 7 javelins
 i - 29 poisoned darts
 w - 16 boomerangs (quivered)
 G - 5 silver javelins
Armour
 c - a +2 helmet (worn)
 s - +9 gold dragon scales (worn)
 u - a +2 pair of gloves (worn)
 v - a +2 pair of boots (worn)
 F - a +2 cloak (worn)
 W - the +1 tower shield of Weirdness (worn) {rPois rF+ Str+3}
   (You took it off Louise on level 3 of the Snake Pit)

   Str:       It affects your strength (+3).
   rF:        It protects you from fire.
   rPois:     It protects you from poison.
Jewellery
 h - the ring "Tuyjyoc" (left hand) {Will++ MP+9 SInv}
   (You acquired it on level 8 of the Dungeon)

   [ring of magical power]

   MP:        It affects your magic capacity (+9).
   SInv:      It lets you see invisible.
   Will:      It greatly increases your willpower.
 H - a +5 ring of evasion (right hand)
 Q - an amulet of reflection (around neck)
 X - a ring of protection from fire
Wands
 A - a wand of light (11)
 M - a wand of roots (24)
 R - a wand of digging (18)
 Z - a wand of paralysis (16)
Scrolls
 l - 4 scrolls of amnesia
 n - 8 scrolls of magic mapping
 r - 2 scrolls of brand weapon
 t - 10 scrolls of fear
 y - 6 scrolls of blinking
 z - a scroll of summoning
 C - 14 scrolls of teleportation
 N - 8 scrolls of fog
 P - a scroll of silence
 S - 3 scrolls of immolation
 T - 4 scrolls of poison
 V - 2 scrolls of torment
Potions
 f - 2 potions of might
 g - 4 potions of magic
 j - 4 potions of haste
 k - 5 potions of invisibility
 m - 3 potions of cancellation
 o - 10 potions of heal wounds
 q - 5 potions of berserk rage
 x - a potion of resistance
 B - 6 potions of ambrosia
 E - 11 potions of curing
 I - a potion of mutation
 J - 3 potions of lignification
 K - 5 potions of flight
 Y - 3 potions of brilliance
Miscellaneous
 p - a tin of tremorstones (inert)
 D - a condenser vane
 L - a box of beasts
 U - a lightning rod (4/4)


   Skills:
 + Level 16.6 Fighting
 - Level 14.0 Polearms
 - Level 11.4 Throwing
 + Level 13.4 Armour
 + Level 13.8 Dodging
 + Level 15.3 Shields
 + Level 9.4 Evocations


You had 20 spell levels left.
You didn't know any spells.
Your spell library contained the following spells:

 Spells                   Type           Power      Damage    Failure   Level
 Apportation              Tloc           0%         N/A       100%        1
 Kiss of Death            Conj/Necr      0%         2d5       100%        1
 Magic Dart               Conj           0%         1d3       100%        1
 Necrotise                Necr           0%         1d4       100%        1
 Sting                    Tmut/Pois      0%         1d3       100%        1
 Summon Small Mammal      Summ           0%         N/A       100%        1
 Cigotuvi's Dreadful Rot  Necr/Pois/Air  0%         N/A       100%        2
 Ensorcelled Hibernation  Hex/Ice        0%         N/A       100%        2
 Passwall                 Tmut/Erth      0%         N/A       100%        2
 Poisonous Vapours        Pois/Air       0%         N/A       100%        2
 Scorch                   Fire           0%         2d5       100%        2
 Searing Ray              Conj           0%         2d4       100%        2
 Confusing Touch          Hex            0%         N/A       100%        3
 Dazzling Flash           Conj/Hex       0%         N/A       100%        3
 Gell's Gravitas          Tloc           0%         N/A       100%        3
 Inner Flame              Hex/Fire       0%         N/A       100%        3
 Kindle Blastsparks       Fire/Tloc/Air  0%         2d10      100%        3
 Mephitic Cloud           Conj/Pois/Air  0%         N/A       100%        3
 Ozocubu's Armour         Ice            0%         N/A       100%        3
 Swiftness                Air            0%         N/A       100%        3
 Teleport Other           Tloc           0%         N/A       100%        3
 Vampiric Draining        Necr           0%         2d6       100%        3
 Animate Dead             Necr           0%         N/A       100%        4
 Dispel Undead            Necr           0%         3d6       100%        4
 Flame Wave               Conj/Fire      0%         2d4       100%        4
 Fulminant Prism          Conj/Hex       0%         3d5       100%        4
 Iskenderun's Mystic Bla  Conj/Tloc      0%         2d3       100%        4
 Olgreb's Toxic Radiance  Pois           0%         N/A       100%        4
 Sticky Flame             Conj/Fire      0%         2d3       100%        4
 Agony                    Necr           0%         N/A       100%        5
 Borgnjor's Vile Clutch   Necr/Erth      0%         N/A       100%        5
 Fireball                 Conj/Fire      0%         3d3       100%        5
 Iskenderun's Battlesphe  Conj           0%         2d6       100%        5
 Lee's Rapid Deconstruct  Erth           0%         3d4*      100%        5
 Metabolic Englaciation   Hex/Ice        0%         N/A       100%        5
 Silence                  Hex/Air        0%         N/A       100%        5
 Conjure Ball Lightning   Conj/Air       0%         3x3d6     100%        6
 Death Channel            Necr           0%         N/A       100%        6
 Dispersal                Tloc           0%         N/A       100%        6
 Simulacrum               Ice/Necr       0%         N/A       100%        6
 Summon Cactus Giant      Summ           0%         N/A       100%        6
 Haunt                    Necr/Summ      0%         N/A       100%        7
 Orb of Destruction       Conj           0%         9d5       100%        7
 Infestation              Necr           0%         N/A       100%        8


Dungeon Overview and Level Annotations

Branches:
Dungeon (15/15)            Temple (1/1) D:4            Lair (5/5) D:9
  Swamp (4/4) Lair:2        Snake (4/4) Lair:3        Slime (0/5) Lair:5
    Orc (2/2) D:11            Elf (0/3) Orc:2        Vaults (4/5) D:13
  Crypt (0/3) Vaults:3     Depths (4/4) D:15            Zot (0/5) Depths:4
Gauntlet (visited)

Altars:
Ashenzari
Cheibriados
Dithmenos
Fedhas
Gozag
Hepliaklqana
Kikubaaqudgha
Makhleb
Nemelex Xobeh
Okawaru
Qazlal
Ru
Sif Muna
Trog
Uskayaw
Vehumet
Wu Jian
Xom
Yredelemnul

Shops:
D:8 =[?   D:14 *[=   Orc:1 (   Orc:2 [:?!   Vaults:3 :   Vaults:4 (*
Depths:4 ??

Portals:
Hell: Depths:1 Depths:3 Depths:4
Abyss: D:3 Depths:3
Pandemonium: Orc:2 Depths:1 Depths:2
Ziggurat: Depths:2
Trove: D:12 (give horn of Geryon)

Annotations:
D:3 2 transporters, Iich's ghost, amateur DsBe
D:6 2 transporters
D:14 4 transporters
D:15 3 runed translucent doors, Datul's ghost, adept DjFi; Keluf's ghost, journeyman GrFi; Tolur's ghost, adept DEFE; Zoram's ghost, journeyman SpAE
Lair:2 3 runed translucent doors, omnomnOMINOUS's ghost, journeyman OpWn
Swamp:2 2 transporters, Naistiu's ghost, adept DESu
Depths:2 2 runed translucent doors, Ubraesch's ghost, adept TrMo


Innate Abilities, Weirdness & Mutations

You have hoof-like feet.
You are completely covered in slimy green scales. (AC +4, rPois)
A demonic guardian rushes to your aid.
You sometimes emit foul miasma when damaged in melee.
You sometimes lose the ability to drink potions when taking damage.
You are slightly weak-willed. (Will-)
You are somewhat unskilled. (-1 Apt)
You are sensitive to extremes of temperature. (rF-, rC-)
Your presence sometimes corrodes those you injure.
You passively dampen the noise of your surroundings.


Message History

The ice dragon completely misses you. You block the ice dragon's attack. x2
You redirect the tengu conjurer's attack!
You puncture the ice dragon!
Your corrupting presence corrodes the ice dragon!
The ice dragon is severely wounded.
The ice dragon breathes frost at you. The blast of cold hits you!!
The tengu conjurer begins to cast a spell, but is stunned by your conviction!
You are too injured to fight recklessly!
You are too injured to fight recklessly!
You hit the ice dragon.
The ice dragon is severely wounded.
You block the ice dragon's attack. The ice dragon completely misses you.
You block the ice dragon's attack.
The frost giant gestures at you while chanting.
The bolt of cold hits the ice dragon.
The ice dragon resists.
The bolt of cold hits you.
You impale the ice dragon!!
The ice dragon is almost dead.
The ice dragon breathes frost at you. The blast of cold hits you!
You focus your inner power and slow the ice dragon in retribution!
You barely miss the ice dragon.
The ice dragon is almost dead.
You puncture the ice dragon!
Lightning courses through the ice dragon!
You kill the ice dragon!
You hit the frost giant.
The frost giant is lightly wounded.
The frost giant points at you and mumbles some strange words.
The bolt of cold hits you!!
* * * LOW HITPOINT WARNING * * *
A demonic guardian appears!
You focus your inner power and slow the frost giant in retribution!
You hit the frost giant.
Lightning courses through the frost giant!
The frost giant is lightly wounded.
The frost giant casts a spell at you. The bolt of cold hits you!!!
You die...

#........# #...###
.#####..#####.#########...#
.C......#
#.............####
...Q....#
#...............)) ####.#
#.#######.....)...
#.#####.# #.........
#.CD..2Q# #.........
#..####C# #......... #..#
#@# #∩........ #..# #.#
#......... #D.# #.#
#.........
#..####.#######.........
...................<....
########################


You could see a frost giant (slow), a tengu conjurer (ally target) and a
friendly cacodemon (summoned).

Vanquished Creatures
  Parghit (Depths:4)
  The ghost of Zonian the Necromancer, a veteran VSBr of Ashenzari (Depths:4)
  4 golden dragons
  Jory (Vaults:4)
  2 tentacled monstrosities
  5 liches
  Mlioglotl (Swamp:1)
  Asterion (Depths:2)
  2 titans (Depths:3)
  A walking frostbound tome (Depths:3)
  Frances (Swamp:2)
  2 thorn hunters
  5 sphinxes
  Agnes (Snake:1)
  3 frost giants
  Donald (Snake:3)
  A draconian knight (Depths:4)
  12 vault wardens
  3 fire giants
  16 nagarajas
  3 iron dragons (Depths:3)
  A draconian scorcher (Depths:4)
  Aizul (Snake:3)
  Louise (Snake:3)
  An orc warlord (Orc:2)
  A reaper (Gauntlet)
  3 spriggan defenders (Depths:3)
  14 very ugly things
  7 ironbound thunderhulks
  13 stone giants
  A war gargoyle (Vaults:1)
  15 ironbound preservers
  A vampire knight (Depths:3)
  A black draconian (Depths:4)
  4 dire elephants (Vaults:1)
  A minotaur (Gauntlet)
  2 green draconians (Depths:4)
  An eleionoma (Swamp:2)
  A purple draconian (Depths:4)
  4 bunyips
  2 spark wasps (Depths:3)
  8 ettins
  9 fire dragons
  A green death (Depths:1)
  A crystal guardian (Vaults:4)
  3 jiangshi (Depths:1)
  5 great orbs of eyes
  13 vault guards
  7 yaktaur captains
  6 ice dragons
  2 rakshasas (Depths:3)
  A catoblepas (Lair:5)
  8 ironbound frosthearts
  2 peacekeepers (Vaults:4)
  12 hydras
  Erica (D:8)
  2 spriggan air magi
  3 ghost crabs
  15 centaur warriors
  2 ogre magi (D:13)
  2 boulder beetles
  14 anacondas
  2 demonspawn (Orc:2)
  9 alligators
  A death knight (D:12)
  9 death yaks
  3 deep troll shamans
  5 tengu warriors
  A two-headed ogre (D:10)
  2 vampire magi (Depths:1)
  21 naga warriors
  15 naga sharpshooters
  4 orc high priests
  6 hell knights (Depths:3)
  9 shock serpents
  9 deep troll earth magi
  9 iron trolls
  A fire crab (Swamp:4)
  2 salamander mystics
  5 skeletal warriors
  3 sea snakes
  6 goliath frogs
  4 spriggan druids
  A glowing orange brain (Vaults:4)
  7 bog bodies
  3 flayed ghosts
  42 deep trolls
  10 naga ritualists
  A deep elf archer (D:13)
  10 lindwurms
  8 swamp dragons
  16 ironbound convokers
  3 necromancers
  3 wizards
  4 deep elf pyromancers
  9 orc knights
  A wolf spider zombie (D:15)
  21 ugly things
  An oklob plant (Swamp:2)
  8 orc sorcerers
  2 will-o-the-wisps
  A cyclops (Orc:2)
  13 mana vipers
  6 manticores
  14 salamanders
  2 manticores (shapeshifter)
  18 elephants
  6 centaur zombies
  29 black mambas
  5 guardian serpents
  2 rust devils
  21 vault sentinels
  A smoke demon (Gauntlet)
  14 naga magi
  A gargoyle (D:10)
  11 centaur skeletons (D:12)
  5 cane toads
  2 rime drakes
  Psyche (D:10)
  2 freezing wraiths
  4 kobold demonologists (D:11)
  2 ice devils
  A red devil (Depths:1)
  18 yaktaurs
  An efreet (D:15)
  A queen bee (Lair:3)
  5 tengu conjurers
  A redback zombie (D:15)
  3 komodo dragons
  A bloated husk (Swamp:3)
  5 meliai (D:15)
  4 trolls
  A polar bear (Lair:5)
  A hellwing (Depths:1)
  6 blink frogs
  6 tyrant leeches
  7 hornets
  2 meliai zombies (D:12)
  A blink frog (shapeshifter) (D:15)
  23 slime creatures
  A centaur simulacrum (D:15)
  4 flying skulls
  A fire elemental (Swamp:4)
  10 spriggans
  6 shadows
  5 wyverns
  A vampire (D:15)
  3 water elementals
  3 wraiths
  51 yaks
  A human (D:13)
  11 basilisks
  3 wargs (Orc:2)
  13 swamp worms
  3 steam dragons (Swamp:4)
  An acid dragon (D:11)
  37 nagas
  11 water moccasins
  14 swamp drakes
  2 sky beasts
  2 ogres
  22 orc warriors
  3 hornet zombies (D:15)
  3 black bears
  2 ice beasts
  10 wolves
  13 centaurs
  4 kobold brigands
  12 bullfrogs
  A gnoll sergeant (D:7)
  A scorpion (D:5)
  10 wights
  39 killer bees
  9 howler monkeys
  5 electric eels
  A crimson imp (Gauntlet)
  2 hounds (D:6)
  3 jellies
  22 orc priests
  A gnoll bouda (D:7)
  An iguana (D:7)
  19 orc wizards
  12 gnolls
  2 river rats (Lair:3)
  8 adders
  A shadow imp (D:7)
  6 white imps
  2 ufetubi
  6 dart slugs
  84 orcs
  5 ball pythons
  6 endoplasms
  6 giant cockroaches
  10 goblins
  5 hobgoblins
  6 jackals
  2 quokkas
  7 bats
  A frilled lizard (D:1)
  17 kobolds
  3 rats
1337 creatures vanquished.

Vanquished Creatures (collateral kills)
  A golden dragon (Depths:4)
  A thorn hunter (Swamp:3)
  A fire giant (Depths:3)
  An orc warlord (Vaults:3)
  2 stone giants (Depths:1)
  An ettin (Vaults:2)
  A yaktaur captain (Vaults:2)
  A vault guard (Vaults:2)
  A hydra (Swamp:4)
  An ironbound frostheart (Vaults:2)
  A demonspawn (Orc:2)
  An alligator (Swamp:2)
  A naga warrior (Snake:4)
  A deep troll shaman (Depths:1)
  A fire crab (Swamp:4)
  4 deep trolls
  An orc sorcerer (Orc:2)
  An elephant (Lair:3)
  A cane toad (Lair:1)
  A tyrant leech (Swamp:3)
  A slime creature (Lair:5)
  A water elemental (Depths:4)
  An orc warrior (Orc:2)
  A wight (D:9)
  A killer bee (Lair:3)
  A howler monkey (D:9)
  2 orcs (Orc:2)
32 creatures vanquished.

Vanquished Creatures (others)
  Nikola (Swamp:4)
  A lich (Depths:3)
  2 nagarajas (Snake:4)
  An ironbound thunderhulk (Vaults:3)
  A yaktaur captain (Depths:4)
  A peacekeeper (Vaults:4)
  2 hydras
  A naga warrior (Snake:4)
  A deep troll earth mage (Depths:4)
  A shock serpent (Snake:3)
  A skeletal warrior (D:15)
  5 deep trolls
  An ugly thing (D:13)
  4 black mambas
  A centaur zombie (D:15)
  A minotaur zombie (Gauntlet)
  A komodo dragon (Lair:1)
  A tengu conjurer (Depths:1)
  A troll (D:12)
  A bloated husk (Swamp:2)
  A meliai (D:15)
  A tyrant leech (Swamp:1)
  A slime creature (Vaults:1)
  A shadow (D:12)
  2 yaks
  A naga (Snake:1)
  A warg (Orc:2)
  A water moccasin (Lair:3)
  2 orc warriors (Orc:2)
  A floating eye (Depths:2)
  A wolf (Lair:2)
  2 killer bees (Lair:3)
  An orc priest (Orc:2)
  A kobold (D:11)
  6 briar patches
  2 bushes (Lair:5)
  4 foxfires
  22 fungi
  149 plants
  3 withered plants
232 creatures vanquished.

Grand Total: 1601 creatures vanquished

Notes
Turn   | Place    | Note
-------+----------+-------------------------------------------
     0 | D:1      | TrayleKats the Demonspawn Gladiator began the quest for the
                  | Orb.
     0 | D:1      | Reached XP level 1. HP: 16/16 MP: 1/1
   228 | D:1      | Gained mutation: You are partially covered in slimy green
                  | scales. (AC +2) [demonic ancestry]
   228 | D:1      | Reached XP level 2. HP: 21/23 MP: 2/2
   662 | D:1      | Gained mutation: You are mostly covered in slimy green
                  | scales. (AC +3) [demonic ancestry]
   662 | D:1      | Reached XP level 3. HP: 28/28 MP: 3/3
   818 | D:1      | Reached skill level 3 in Fighting
  1114 | D:2      | Reached XP level 4. HP: 35/35 MP: 4/4
  1665 | D:3      | Found a transporter.
  1670 | D:3      | Found a transporter.
  1847 | D:3      | Found a one-way gate to the infinite horrors of the Abyss.
  1847 | D:3      | Noticed Iich's ghost (amateur DsBe)
  2077 | D:3      | Reached XP level 5. HP: 42/42 MP: 5/5
  2155 | D:3      | Found a bloodstained altar of Trog.
  2155 | D:3      | Found an iron altar of Okawaru.
  2271 | D:3      | Noticed a small abomination
  2503 | D:4      | Found a staircase to the Ecumenical Temple.
  2516 | Temple   | Entered the Ecumenical Temple
  2738 | Temple   | Became a worshipper of Ru the Awakened
  2868 | D:4      | Reached skill level 4 in Fighting
  3371 | D:4      | Reached XP level 6. HP: 48/48 MP: 6/6
  3512 | D:4      | Found a stormy altar of Qazlal.
  3512 | D:4      | Found a hide-covered altar of Uskayaw.
  3668 | D:5      | Entered Level 5 of the Dungeon
  4297 | D:6      | Noticed a sky beast
  4312 | D:6      | Killed a sky beast
  4313 | D:6      | Reached skill level 5 in Fighting
  4313 | D:6      | Reached skill level 5 in Polearms
  4313 | D:6      | Reached XP level 7. HP: 47/56 MP: 7/7
  4387 | D:6      | Gained mutation: You are slightly weak-willed. (Will-) [Ru
                  | sacrifice]
  4387 | D:6      | Reached * piety under Ru
  4484 | D:6      | Noticed a boulder beetle
  4518 | D:6      | Killed a boulder beetle
  4519 | D:6      | Reached skill level 6 in Fighting
  4519 | D:6      | Reached XP level 8. HP: 61/64 MP: 8/8
  4586 | D:6      | Found a transporter.
  4593 | D:6      | Found a transporter.
  4609 | D:6      | Reached skill level 5 in Throwing
  5735 | D:7      | Reached skill level 7 in Fighting
  5827 | D:7      | Found a blossoming altar of Fedhas.
  6335 | D:7      | Gained mutation: You may rarely emit foul miasma when
                  | damaged in melee. [demonic ancestry]
  6335 | D:7      | Reached XP level 9. HP: 46/72 MP: 9/9
  6787 | D:8      | Found Wauloukh's Jewellery Shoppe.
  6807 | D:8      | Reached skill level 1 in Shields
  6936 | D:8      | Noticed Erica
  6943 | D:8      | Gained mutation: You have large cloven feet. [potion of
                  | mutation]
  6943 | D:8      | Gained mutation: You passively dampen the noise of your
                  | surroundings. [potion of mutation]
  6967 | D:8      | Identified a scroll of acquirement
  6967 | D:8      | Acquired the ring "Tuyjyoc" {Will++ MP+9 SInv}
  6984 | D:8      | Killed Erica
  7157 | D:8      | Found Ubuysk's Magic Scroll Boutique.
  7204 | D:8      | Found Qoixuara's Armour Emporium.
  7246 | D:8      | Reached skill level 8 in Fighting
  7433 | D:8      | Bought a scroll of blinking for 90 gold pieces
  7595 | D:8      | Gained mutation: You are somewhat unskilled. (-1 Apt) [Ru
                  | sacrifice]
  7595 | D:8      | Reduced skill Fighting to level 7
  7595 | D:8      | Reached ** piety under Ru
  7595 | D:8      | Reached *** piety under Ru
  7838 | D:9      | Found a burning altar of Makhleb.
  7855 | D:9      | Noticed an angel
  7855 | D:9      | Noticed a cacodemon
  7994 | D:9      | Noticed a troll
  8032 | D:9      | Killed a troll
  8033 | D:9      | Gained mutation: A weak demonic guardian rushes to your
                  | aid. [demonic ancestry]
  8033 | D:9      | Reached XP level 10. HP: 60/79 MP: 10/10
  8259 | D:9      | Found a staircase to the Lair.
  8868 | D:10     | Entered Level 10 of the Dungeon
  8868 | D:10     | Found a shadowy altar of Dithmenos.
  8945 | D:10     | Found a sparkling altar of Nemelex Xobeh.
  9070 | D:10     | Noticed a two-headed ogre
  9099 | D:10     | Killed a two-headed ogre
  9100 | D:10     | Reached skill level 5 in Shields
  9144 | D:10     | Reached skill level 8 in Fighting
  9163 | D:10     | Noticed Psyche
  9176 | D:10     | Killed Psyche
  9590 | D:10     | Noticed a manticore
  9599 | D:10     | Killed a manticore
  9809 | D:10     | Noticed a gargoyle
  9827 | D:10     | Killed a gargoyle
 10177 | D:10     | Gained mutation: You are sensitive to extremes of
                  | temperature. (rF-, rC-) [Ru sacrifice]
 10177 | D:10     | Reached **** piety under Ru
 10177 | D:10     | Reached ***** piety under Ru
 10528 | Lair:1   | Entered Level 1 of the Lair of Beasts
 10603 | Lair:1   | Noticed a cane toad
 10619 | Lair:1   | Killed a cane toad
 10956 | Lair:1   | Identified the +0 plate armour "Ogufusch" {rF- Dex+4
                  | Stlth+}
 11005 | Lair:1   | Mutation became permanent: You have large cloven feet.
                  | [demonic ancestry]
 11005 | Lair:1   | Gained mutation: You have large cloven feet. [demonic
                  | ancestry]
 11005 | Lair:1   | Reached XP level 11. HP: 87/87 MP: 11/11
 11021 | Lair:1   | Reached skill level 1 in Armour
 12270 | Lair:2   | Found a staircase to the Swamp.
 12341 | Lair:2   | Noticed a six-headed hydra
 12349 | Lair:2   | Killed a six-headed hydra
 12813 | Lair:2   | Found a runed translucent gate.
 12813 | Lair:2   | Found a runed translucent gate.
 12813 | Lair:2   | Found a runed translucent gate.
 12815 | Lair:2   | Noticed an 11-headed hydra
 12815 | Lair:2   | Noticed omnomnOMINOUS's ghost (journeyman OpWn)
 13757 | Lair:3   | Found a staircase to the Snake Pit.
 13966 | Lair:3   | Gained mutation: You occasionally lose the ability to drink
                  | potions when taking damage. [Ru sacrifice]
 13966 | Lair:3   | Gained mutation: You sometimes lose the ability to drink
                  | potions when taking damage. [Ru sacrifice]
 13966 | Lair:3   | Reached ****** piety under Ru
 14014 | Lair:3   | Reached skill level 9 in Fighting
 14416 | Lair:3   | Reached XP level 12. HP: 95/95 MP: 12/12
 14505 | Lair:3   | Identified the +9 quarterstaff of Parts Unknown {elec,
                  | Contam rN+++}
 17075 | Lair:4   | Reached skill level 5 in Dodging
 17211 | Lair:5   | Entered Level 5 of the Lair of Beasts
 17622 | Lair:5   | Noticed a death yak
 17624 | Lair:5   | Noticed a four-headed hydra
 17625 | Lair:5   | Noticed a death yak
 17697 | Lair:4   | Killed a death yak
 17701 | Lair:4   | Gained mutation: You are completely covered in slimy green
                  | scales. (AC +4, rPois) [demonic ancestry]
 17701 | Lair:4   | Reached XP level 13. HP: 63/103 MP: 13/13
 18290 | Lair:5   | Found a staircase to the Slime Pits.
 18336 | Lair:5   | Reached skill level 10 in Fighting
 19344 | Lair:5   | Reached skill level 10 in Polearms
 19344 | Lair:5   | Reached skill level 5 in Armour
 20194 | D:11     | Found a gate leading to a gauntlet.
 20203 | Gauntlet | Entered a Gauntlet
 20203 | Gauntlet | Found a transporter.
 20210 | Gauntlet | Found a transporter.
 20212 | Gauntlet | Found a transporter.
 20225 | Gauntlet | Found a transporter.
 20226 | Gauntlet | Found a transporter.
 20232 | Gauntlet | Found a runed translucent door.
 20235 | Gauntlet | Found a transporter.
 20250 | Gauntlet | Found a transporter.
 20257 | Gauntlet | Noticed a blizzard demon
 20261 | Gauntlet | Found a transporter.
 20268 | Gauntlet | Found a transporter.
 20268 | Gauntlet | Found a transporter.
 20279 | Gauntlet | Found a transporter.
 20295 | Gauntlet | Noticed a reaper
 20298 | Gauntlet | Found a transporter.
 20312 | Gauntlet | Found a transporter.
 20336 | Gauntlet | Found a transporter.
 20691 | Gauntlet | Identified the ring "Kalokhlet" {rPois Dex+6}
 20706 | Gauntlet | Noticed a minotaur
 20728 | Gauntlet | Killed a minotaur
 20729 | Gauntlet | Killed a reaper
 21890 | D:11     | Found a staircase to the Orcish Mines.
 22941 | Orc:1    | Entered Level 1 of the Orcish Mines
 22941 | Orc:1    | Found Wyint's Weapon Boutique.
 23145 | Orc:2    | Entered Level 2 of the Orcish Mines
 23297 | Orc:2    | Reached XP level 14. HP: 68/99 MP: 14/14
 23963 | Orc:2    | Noticed an orc warlord
 24008 | Orc:2    | Killed an orc warlord
 24705 | Orc:2    | Found Kaci's Distillery.
 24934 | Orc:2    | Found a staircase to the Elven Halls.
 25139 | Orc:2    | Found Porealall's Magic Scroll Shop.
 25421 | Orc:2    | Bought a scroll of enchant weapon for 97 gold pieces
 26616 | Orc:2    | Reached skill level 10 in Shields
 27546 | Orc:2    | Reached skill level 11 in Fighting
 27689 | Orc:2    | Found Qudokh Poeg's Antique Armour Emporium.
 27689 | Orc:2    | Found Cair's Book Shoppe.
 27690 | Orc:2    | Found a one-way gate leading to the halls of Pandemonium.
 27696 | Orc:2    | Bought a fine chain mail for 304 gold pieces
 27696 | Orc:2    | Identified the +7 chain mail of Conscience {Int-3 Dex+2
                  | Slay+3} (You bought it in a shop on level 2 of the Orcish
                  | Mines)
 27840 | Orc:2    | Bought a potion of heal wounds for 70 gold pieces
 27840 | Orc:2    | Bought a potion of heal wounds for 70 gold pieces
 27840 | Orc:2    | Bought a potion of heal wounds for 70 gold pieces
 27840 | Orc:2    | Bought a potion of might for 56 gold pieces
 27840 | Orc:2    | Bought a potion of invisibility for 112 gold pieces
 27840 | Orc:2    | Bought 2 potions of haste for 280 gold pieces
 27842 | Orc:2    | Bought a scroll of fear for 52 gold pieces
 27842 | Orc:2    | Bought a scroll of teleportation for 39 gold pieces
 29104 | D:12     | Reached skill level 10 in Throwing
 29437 | D:12     | Found a portal to a secret trove of treasure.
 30334 | D:13     | Reached XP level 15. HP: 84/107 MP: 15/15
 30590 | D:13     | Found a gate to the Vaults.
 30999 | D:14     | Found Joasanno's Antique Armour Shop.
 31002 | D:14     | Bought a bloodstained scale mail for 315 gold pieces
 31002 | D:14     | Identified the +3 scale mail "Nesar" {Rampage rN+ Dex-5
                  | SInv Stlth+} (You bought it in a shop on level 14 of the
                  | Dungeon)
 31036 | D:14     | Found Addag's General Store.
 31148 | D:14     | Bought a wand of digging (4) for 235 gold pieces
 31148 | D:14     | Bought a potion of heal wounds for 70 gold pieces
 31148 | D:14     | Bought a potion of heal wounds for 70 gold pieces
 31235 | D:14     | Found an ornate altar of the Wu Jian Council.
 31237 | D:14     | Found a transporter.
 31288 | D:14     | Found a transporter.
 31295 | D:14     | Found a transporter.
 31360 | D:14     | Found a transporter.
 31362 | D:14     | Noticed a vault warden
 31363 | D:14     | Found an ornate altar of the Wu Jian Council.
 31365 | D:14     | Found Jeots's Jewellery Boutique.
 32013 | D:15     | Entered Level 15 of the Dungeon
 32443 | D:15     | Found a runed translucent gate.
 32443 | D:15     | Found a runed translucent gate.
 32443 | D:15     | Found a runed translucent gate.
 32457 | D:15     | Noticed Datul's ghost (adept DjFi)
 32457 | D:15     | Noticed Zoram's ghost (journeyman SpAE)
 32458 | D:15     | Noticed Keluf's ghost (journeyman GrFi)
 32458 | D:15     | Noticed Tolur's ghost (adept DEFE)
 33685 | D:15     | Paralysed by an orc sorcerer for 2 turns
 33893 | D:15     | Found a staircase to the Depths.
 34508 | Snake:1  | Entered Level 1 of the Snake Pit
 34675 | Snake:1  | Noticed Agnes
 34688 | Snake:1  | Killed Agnes
 36233 | Snake:1  | Upgraded the game from 0.30-a0-591-g3c58d2bc28 to
                  | 0.30-a0-652-gcc886f7154
 36500 | Snake:2  | Reached skill level 12 in Fighting
 36500 | Snake:2  | Reached XP level 16. HP: 57/117 MP: 16/16
 37009 | Snake:2  | Upgraded the game from 0.30-a0-652-gcc886f7154 to
                  | 0.30-a0-738-g116ff8c4af
 38865 | Snake:3  | Identified the +1 tower shield of Weirdness {rPois rF+
                  | Str+3}
 38865 | Snake:3  | Noticed Louise
 38886 | Snake:3  | Killed Louise
 39084 | Snake:3  | Noticed Aizul
 39103 | Snake:3  | Killed Aizul
 39718 | Snake:3  | Noticed Donald
 39727 | Snake:3  | Killed Donald
 40010 | Snake:4  | Entered Level 4 of the Snake Pit
 41584 | Snake:4  | Found a bloodstained altar of Trog.
 42047 | Snake:4  | Gained mutation: A demonic guardian rushes to your aid.
                  | [demonic ancestry]
 42047 | Snake:4  | Reached XP level 17. HP: 132/135 MP: 17/17
 42815 | Snake:4  | Reached skill level 13 in Fighting
 43492 | Snake:4  | Reached skill level 10 in Dodging
 44452 | Snake:4  | Got a serpentine rune of Zot
 44651 | Swamp:1  | Entered Level 1 of the Swamp
 45005 | Swamp:1  | Noticed Mlioglotl
 45028 | Swamp:1  | Killed Mlioglotl
 45910 | Swamp:2  | Found a transporter.
 45912 | Swamp:2  | Noticed Naistiu's ghost (adept DESu)
 45913 | Swamp:2  | Found a transporter.
 45957 | Swamp:2  | Noticed Frances
 45975 | Swamp:2  | Killed Frances
 47077 | Swamp:3  | Reached skill level 10 in Armour
 48459 | Swamp:4  | Entered Level 4 of the Swamp
 48468 | Swamp:4  | Gained mutation: You sometimes emit foul miasma when
                  | damaged in melee. [demonic ancestry]
 48468 | Swamp:4  | Reached XP level 18. HP: 133/145 MP: 18/18
 49233 | Swamp:4  | Identified the +0 spear "Goitif" {protect, Str+2}
 49264 | Swamp:4  | Got a decaying rune of Zot
 49362 | Swamp:4  | Reached skill level 14 in Fighting
 49387 | Swamp:4  | Noticed Nikola
 49611 | Swamp:4  | Killed Nikola
 50055 | Swamp:4  | Identified the +6 spear of Giottuz {antimagic, Str+5}
 50285 | Vaults:1 | Entered Level 1 of the Vaults
 50751 | Vaults:1 | Reached skill level 1 in Evocations
 52626 | Vaults:2 | Upgraded the game from 0.30-a0-738-g116ff8c4af to
                  | 0.30-a0-748-ge6a52f7cba
 52770 | Vaults:2 | Gained mutation: Your presence sometimes corrodes those you
                  | injure. [demonic ancestry]
 52770 | Vaults:2 | Reached XP level 19. HP: 103/153 MP: 19/19
 54574 | Vaults:3 | Found Nyogakirch's Book Shop.
 54910 | Vaults:3 | Reached skill level 5 in Evocations
 55036 | Vaults:3 | Reached skill level 15 in Fighting
 55411 | Vaults:3 | Found a staircase to the Crypt.
 55411 | Vaults:3 | Found an ancient bone altar of Kikubaaqudgha.
 55411 | Vaults:3 | Found a basalt altar of Yredelemnul.
 56681 | Vaults:4 | Noticed Jory
 56690 | Vaults:4 | Killed Jory
 56700 | Vaults:4 | Found Ataelyn's Weapon Shop.
 57302 | Vaults:4 | Found Inaolom's General Store.
 57449 | Vaults:4 | Bought a scroll of teleportation for 45 gold pieces
 57449 | Vaults:4 | Bought a scroll of teleportation for 45 gold pieces
 57449 | Vaults:4 | Bought 3 scrolls of fear for 180 gold pieces
 57831 | Vaults:4 | Gained mutation: You have hoof-like feet. [demonic
                  | ancestry]
 57831 | Vaults:4 | Reached XP level 20. HP: 134/163 MP: 20/20
 58689 | Depths:1 | Entered Level 1 of the Depths
 59645 | Depths:1 | Found a gateway to Hell.
 60408 | Depths:2 | Found a runed translucent door.
 60409 | Depths:2 | Found a runed translucent door.
 60410 | Depths:2 | Noticed a golden dragon
 60413 | Depths:2 | Noticed a dread lich
 60414 | Depths:2 | Noticed Ubraesch's ghost (adept TrMo)
 60426 | Depths:2 | Noticed Asterion
 60436 | Depths:2 | Killed Asterion
 60504 | Depths:2 | Found a one-way gateway to a ziggurat.
 60539 | Depths:2 | You fall into a shaft and drop 2 floors!
 60539 | Depths:4 | Entered Level 4 of the Depths
 60877 | Depths:4 | Noticed a golden dragon
 60887 | Depths:4 | Killed a golden dragon
 61168 | Depths:4 | Identified the +4 shortbow of the Vestibule of Hell
                  | {freeze, rElec}
 61258 | Depths:4 | Reached skill level 16 in Fighting
 61715 | Depths:4 | Noticed a golden dragon
 61746 | Depths:4 | Killed a golden dragon
 61922 | Depths:4 | Noticed a golden dragon
 61937 | Depths:4 | Killed a golden dragon
 62535 | Depths:4 | Found a hazy altar of Hepliaklqana.
 62593 | Depths:4 | Found a runed translucent door.
 62621 | Depths:4 | Found Nihaeb's Magic Scroll Emporium.
 62621 | Depths:4 | Found Edeol's Magic Scroll Shoppe.
 62623 | Depths:4 | Noticed Parghit
 62659 | Depths:4 | HP: 6/145 [fire dragon/blast of flame (47)]
 63183 | Depths:4 | Killed Parghit
 63264 | Depths:4 | Bought a scroll of fog for 84 gold pieces
 63264 | Depths:4 | Bought a scroll of teleportation for 63 gold pieces
 63268 | Depths:4 | Identified the +8 quarterstaff of Courage {speed, rPois
                  | rC++}
 63275 | Depths:4 | Bought a scroll of summoning for 199 gold pieces
 63275 | Depths:4 | Bought a scroll of teleportation for 63 gold pieces
 63275 | Depths:4 | Bought a scroll of teleportation for 63 gold pieces
 63275 | Depths:4 | Bought a scroll of blinking for 157 gold pieces
 63331 | Depths:4 | Noticed a golden dragon
 63587 | Depths:4 | Killed a golden dragon
 63700 | Depths:4 | Reached skill level 15 in Shields
 63700 | Depths:4 | Reached XP level 21. HP: 94/165 MP: 21/21
 63909 | Depths:4 | Found a gate to the Realm of Zot.
 64025 | Depths:4 | Noticed Zonian's ghost (veteran VSBr)
 64048 | Depths:4 | Killed Zonian's ghost
 64981 | Depths:3 | Noticed a juggernaut
 65497 | Depths:3 | Noticed a golden dragon
 65509 | Depths:3 | Killed a golden dragon
 66236 | Depths:3 | Killed from afar by a frost giant

Illustrated notes

Levels and vault maps discovered:
D:1:      dpeg_arrival_arbitrary_b, layout_loops_corners
D:2:      layout_loops_ring, dk_noncrumbling_4
D:3:      layout_loops_ring, grunt_temple_overflow_bloody_war,
          mainiacjoe_overflow_24_doors, gammafunk_ghost_abyssal_escape
D:4:      layout_basic, gammafunk_temple_overflow_elements,
          minmay_temple_entry_gardened_gates
D:5:      layout_rooms
D:6:      layout_basic, gammafunk_temple_overflow_arena
D:7:      layout_cave_pools, fedhas_ov_isle_minmay
D:8:      layout_rooms, serial_shops, nicolae_square_shop,
          nicolae_shop_window_shopping, shop, hellmonk_bongcloud_opening,
          uniq_erica
D:9:      layout_basic, grunt_temple_overflow_order_and_chaos_2,
          david_lair_shrubbed
D:10:     layout_layer_cave, grunt_dithmenos_smoke,
          nicolae_overflow_crystal_walls, uniq_psyche
D:11:     layout_irregular_city, hiddenorc2_lemuel, gauntlet_entry_generic
D:12:     hangedman_screamer, layout_small_grid,
          nicolae_trove_entry_free_sample, drop_trap
D:13:     layout_roguey, grunt_vaults_entry_fortified
D:14:     dreamdust_wu_jian_sword_trials, layout_basic, moated_statue,
          serial_shops, shop_statue, shop, nicolae_stop_n_shop_2
D:15:     grunt_enter_depths_magical_seal, layout_basic,
          gammafunk_ghost_cemetery, serial_undead, serial_undead_d,
          serial_undead_d, serial_undead_b, serial_undead_b
Temple:   minmay_temple_curvy_loop
Lair:1:   layout_regular_city
Lair:2:   layout_cave_pods, swamp_mist, gammafunk_ghost_hydra_chop,
          nicolae_quartered_pool_little, serial_bayou_pond_b
Lair:3:   regret_index_bee_streams, layout_loops_ring,
          guppyfry_snake_entry_garden
Lair:4:   layout_regular_city
Lair:5:   grunt_lair_end_beastmaster, layout_small_grid,
          minmay_slime_entry_pillars, infiniplex_staircase_pool
Swamp:1:  layout_basic_swamp, evilmike_swamp_ruin_house_3, swamp_pool5,
          uniq_mlioglotl
Swamp:2:  layout_basic_swamp, gammafunk_ghost_mausoleum,
          evilmike_swamp_ruin_house_5, nicolae_swamp_oklob_treasure_island,
          uniq_frances
Swamp:3:  layout_basic_swamp, nicolae_swamp_well_well_well
Swamp:4:  swamp_fiery, layout_basic_swamp, uniq_nikola
Snake:1:  layout_onion_interference, serial_bayou_lagoon_a,
          nicolae_snake_slithery_corners, uniq_agnes
Snake:2:  layout_grid_maze, st_stairs_12
Snake:3:  layout_cave_shapes, drop_trap, nicolae_integral_box, uniq_louise,
          uniq_aizul, uniq_donald
Snake:4:  grunt_snake_rune_spirals, layout_onion, basic_altar,
          nicolae_snake_bzzzt
Orc:1:    layout_caves, serial_shops, shop, nicolae_shop_hallway_plus,
          uniq_erolcha
Orc:2:    pf_orc_diabolical, layout_caves
Vaults:1: hangedman_vaults_slither, nicolae_vaults_network_quincunx
          [nicolae_vaults_network_quincunx_subvault,
          nicolae_vaults_network_quincunx_subvault,
          nicolae_vaults_network_quincunx_subvault,
          nicolae_vaults_network_quincunx_subvault,
          nicolae_vaults_network_quincunx_subvault], st_eye, v_rooms_3,
          hangedman_vaults_restitches, nicolae_vaults_little_squares_6,
          vaults_mumra_chevron, v_misc_30, vaults_room_pools, vaults_dpeg_hooks,
          layout_vaults_omnicross
Vaults:2: vaults_mumra_hex, grunt_vaults_swirl, v_misc_26,
          ontoclasm_vaults_gateway, vaults_room_guarded_vault,
          hangedman_vaults_trim, hangedman_vaults_nodes, hangedman_vaults_maws,
          ontoclasm_vaults_twist, vaults_dpeg_diagonal, v_alt_pattern_3,
          nicolae_vaults_little_ls, layout_vaults_omnibox
Vaults:3: v_misc_19, hangedman_vaults_capsules, ontoclasm_vaults_ligature,
          nicolae_vaults_little_squares_4, ontoclasm_vaults_ring_small,
          hangedman_vaults_stretched_pinwheel, vaults_dpeg_cross,
          vaults_room_fancy_cross, layout_vaults_big_room,
          minmay_crypt_entry_necro_gods, serial_glass, serial_shops, shop
Vaults:4: hangedman_vaults_cutoff, v_pattern_3, v_misc_26, vaults_room_pool,
          hangedman_vaults_restitches, dpeg_vaults_monster_box,
          nicolae_vaults_theta, vaults_room_mumra_shop_pool, vaults_room_pools,
          ontoclasm_vaults_misaligned, layout_vaults_omnigrid, serial_shops,
          shop, uniq_jory
Depths:1: layout_gridville, grunt_hell_entry_dis_grunt,
          minmay_misc_feat_columns, rand_demon_pan_entry_5, drop_trap,
          elyvilon_altar_3
Depths:2: kennysheep_blocky_hall, layout_cave_shapes, enter_ziggurat_a,
          muffindrake_ghost_dual_entry, pan_entry, hell_entry,
          minmay_hidden_floor, uniq_asterion, uniq_sojobo
Depths:3: hangedman_box_tower, layout_small_grid, serial_shops,
          nicolae_stop_n_shop_2, hangedman_abyss_entry_splay, fountainhead,
          hell_entry
Depths:4: evilmike_zot_entry_hall, layout_basic, hell_entry,
          nicolae_hepliaklqana_hazy_memory, ebering_ghost_reflecting_pool,
          serial_bayou_shore_a, minmay_shoptagon, uniq_parghit

Skill      XL: |  1  2  3  4  5  6  7  8  9 10 11 12 13 14 15 16 17 18 19 20 21 |
---------------+----------------------------------------------------------------+-----
Polearms       | 3 4 5 6 7 8 9 10 11 12 14 | 14.0
Fighting       | 3 4 5 6 7 7 8 9 10 11 12 13 14 15 16 | 16.6
Throwing       | 2 3 4 6 7 8 9 10 11 | 11.4
Shields        | 4 6 7 9 10 11 12 13 14 15 | 15.3
Armour         | 3 4 5 6 7 8 10 11 12 13 | 13.4
Dodging        | 4 5 6 7 8 9 10 11 12 13 | 13.8
Evocations     | 3 6 8 9 |  9.4

Action                     |  1- 3 |  4- 6 |  7- 9 | 10-12 | 13-15 | 16-18 | 19-21 || total
---------------------------+-------+-------+-------+-------+-------+-------+-------++-------
  Melee: Trident           |   119 |   202 |   448 |  1079 |  2428 |   459 |       ||  4735
         Punch             |     1 |     3 |     2 |       |       |       |       ||     6
         Demon trident     |       |       |       |       |       |  1556 |  1731 ||  3287
  Throw: Dart              |       |     4 |    26 |    31 |    90 |       |       ||   151
         Throwing net      |       |     1 |       |       |     8 |       |       ||     9
         Boomerang         |       |       |       |    16 |    79 |   122 |   125 ||   342
         Javelin           |       |       |       |       |    17 |       |       ||    17
 Invoke: Sacrifice Essence |       |       |     1 |       |       |       |       ||     1
         Sacrifice Skill   |       |       |     1 |       |       |       |       ||     1
         Sacrifice Resista |       |       |       |     1 |       |       |       ||     1
         Power Leap        |       |       |       |    26 |    17 |     4 |     1 ||    48
         Sacrifice Drink   |       |       |       |     1 |       |       |       ||     1
         Apocalypse        |       |       |       |       |    10 |     4 |     4 ||    18
         Draw Out Power    |       |       |       |       |       |     1 |       ||     1
  Evoke: Wand              |       |       |       |     2 |    14 |     1 |     3 ||    20
         Box of beasts     |       |       |       |       |     1 |       |     4 ||     5
         Tin of tremorston |       |       |       |       |       |       |     6 ||     6
         Condenser vane    |       |       |       |       |       |       |     1 ||     1
    Use: Scroll            |     4 |     9 |     6 |     7 |     7 |     7 |     8 ||    48
         Potion            |       |       |     9 |       |     1 |     8 |     5 ||    23
   Stab: Sleeping          |     2 |       |       |       |       |       |       ||     2
         Petrified         |       |       |       |     5 |       |       |       ||     5
         Distracted        |       |       |       |     8 |    12 |     8 |     5 ||    33
         Invisible         |       |       |       |     3 |    10 |     9 |    15 ||    37
         Paralysed         |       |       |       |     6 |    61 |     8 |    15 ||    90
         Petrifying        |       |       |       |     3 |       |       |       ||     3
 Armour: Leather armour    |    27 |       |       |       |       |       |       ||    27
         Chain mail        |       |   116 |   290 |   433 |   643 |   479 |   250 ||  2211
         Plate armour      |       |       |       |       |   110 |       |       ||   110
         Gold dragon scale |       |       |       |       |       |       |   113 ||   113
  Dodge: Dodged            |    55 |    48 |   156 |   466 |   838 |   609 |   374 ||  2546
  Block: Buckler           |       |       |    30 |   130 |       |       |       ||   160
         Kite shield       |       |       |       |   274 |  1021 |   175 |       ||  1470
         Tower shield      |       |       |       |       |       |  1000 |  1056 ||  2056
         Reflection        |       |       |       |       |       |       |    39 ||    39

Table legend: (Time is in decaauts)
 A = Elapsed time spent in this place.
 B = Non-inter-level travel time spent in this place.
 C = Inter-level travel time spent in this place.
 D = Time resting spent in this place.
 E = Time spent auto-exploring this place.
 F = Levels seen in this place.
 G = Mean time per level.
                   A        B        C        D        E       F      G
               +--------+--------+--------+--------+--------+-----+--------+
         Total |  65459 |  62834 |   2625 |   4571 |  45071 |  40 | 1636.5 |
       Dungeon |  18770 |  17551 |   1219 |    480 |  13336 |  15 | 1251.3 |
        Temple |    233 |    195 |     38 |      0 |    190 |   1 |  233.0 |
          Lair |   9715 |   9263 |    452 |     14 |   7359 |   5 | 1943.0 |
         Swamp |   5628 |   5374 |    254 |    627 |   3744 |   4 | 1407.0 |
     Snake Pit |   9813 |   9561 |    252 |    803 |   6339 |   4 | 2453.2 |
  Orcish Mines |   4877 |   4772 |    105 |   1471 |   2205 |   2 | 2438.5 |
        Vaults |   8031 |   7786 |    245 |    379 |   5959 |   4 | 2007.8 |
        Depths |   7322 |   7264 |     58 |    347 |   5532 |   4 | 1830.5 |
      Gauntlet |   1067 |   1067 |      0 |    447 |    406 |   1 | 1067.0 |
               +--------+--------+--------+--------+--------+-----+--------+

Top non-repeatable levels by time:
   Orc:2: 4065 daAuts
 Snake:4: 3921 daAuts
Depths:4: 3497 daAuts
  Lair:3: 2659 daAuts
Vaults:4: 2478 daAuts
    D:15: 2412 daAuts
  Lair:5: 2351 daAuts
Vaults:1: 2243 daAuts
 Snake:2: 2072 daAuts
Depths:3: 2038 daAuts
Vaults:2: 2000 daAuts
 Snake:3: 1966 daAuts
 Snake:1: 1852 daAuts
  Lair:2: 1806 daAuts
    D:10: 1736 daAuts
